[Event "Wch u20 girls"]
[Site "Kocaeli"]
[Date "2013.09.24"]
[Round "11.8"]
[White "Enkhtuul, Altanulzii"]
[Black "Wang, Jue"]
[Result "1-0"]
[ECO "A48"]
[WhiteElo "2202"]
[BlackElo "2392"]
[PlyCount "153"]
[EventDate "2013.09.??"]
[EventType "swiss"]
[EventRounds "13"]
[EventCountry "TUR"]
[Source "CBase R.Goldau"]
[SourceDate "2000.03.01"]
[TimeControl "40/5400+30:1800+30"]

1. d4 d6 2. Nf3 g6 3. c3 Nf6 4. Bf4 Bg7 5. e3 Nh5 6. Bg5 h6 7. Bh4 g5 8. Bg3
Nxg3 9. hxg3 c5 10. dxc5 dxc5 11. Qxd8+ Kxd8 12. Na3 a6 13. O-O-O+ Kc7 14. Nd2
Nd7 15. Be2 b5 16. Nb3 Rb8 17. c4 b4 18. Nc2 a5 19. f4 a4 20. Nd2 Nf6 21. e4
Ng4 22. Bxg4 Bxg4 23. Rdf1 gxf4 24. Rxf4 Be6 25. Ne3 Be5 26. Rf3 a3 27. b3 Rbg8
28. Ndf1 f6 29. Nd5+ Kd7 30. Nf4 Bf7 31. Nd3 Bd4 32. Ne3 Bg6 33. Nf5 Bxf5 34.
exf5 Rg4 35. Nf4 Rhg8 36. Rh3 Kd6 37. Kd2 Be5 38. Rd3+ Kc6 39. Ng6 R8xg6 40.
fxg6 Rxg6 41. Ke2 Bd6 42. Kf2 f5 43. Rd1 e6 44. Rdh1 Bf8 45. Rh5 Bg7 46. Kf3
Rf6 47. Rd1 Rg6 48. Rd3 Be5 49. Rh3 Bd4 50. Rd1 Kd6 51. Rh4 e5 52. Rdh1 e4+ 53.
Kf4 Bc3 54. Kxf5 Rf6+ 55. Kxe4 Rf2 56. Rxh6+ Ke7 57. Rh7+ Kf6 58. Rc7 Rxa2 59.
Rxc5 Re2+ 60. Kf3 Re7 61. Rh6+ Kg7 62. Ra6 Bd4 63. Rb5 Bc3 64. c5 Rf7+ 65. Kg4
Rc7 66. Rba5 Kf7 67. Ra7 Rxa7 68. Rxa7+ Ke6 69. c6 Kd6 70. c7 Kd7 71. Kf5 Bd4
72. Ra4 Bc3 73. g4 Kxc7 74. Ke6 Kc6 75. g5 Kc5 76. g6 Bh8 77. Kf7 1-0

[Event "Wch u20 girls"]
[Site "Kocaeli"]
[Date "2013.09.24"]
[Round "11.9"]
[White "Gevorgyan, Maria"]
[Black "Styazhkina, Anna"]
[Result "1-0"]
[ECO "C50"]
[WhiteElo "2143"]
[BlackElo "2241"]
[PlyCount "119"]
[EventDate "2013.09.??"]
[EventType "swiss"]
[EventRounds "13"]
[EventCountry "TUR"]
[Source "CBase R.Goldau"]
[SourceDate "2000.03.01"]
[TimeControl "40/5400+30:1800+30"]

1. e4 e5 2. Nf3 Nc6 3. Bc4 d6 4. d4 exd4 5. Nxd4 Nf6 6. Nc3 Be7 7. O-O O-O 8.
h3 Nxd4 9. Qxd4 Nd7 10. Nd5 Ne5 11. Be2 f5 12. Nxe7+ Qxe7 13. exf5 Bxf5 14. f4
Nc6 15. Qc4+ Be6 16. Qc3 d5 17. Re1 Qd6 18. Bd2 d4 19. Qg3 Ne7 20. Bd3 Bf5 21.
Re5 Bxd3 22. Qxd3 Rad8 23. Rae1 Ng6 24. Qb3+ Kh8 25. Bb4 Qd7 26. Bxf8 Nxe5 27.
Bxg7+ Qxg7 28. Rxe5 b6 29. Qe6 Rf8 30. Rg5 Qf7 31. Qe5+ Qf6 32. Qxc7 h6 33. Rg4
Re8 34. f5 h5 35. Rg6 Re1+ 36. Kh2 Qe5+ 37. Qxe5+ Rxe5 38. Rd6 Re2 39. Rxd4
Rxc2 40. Rb4 Rf2 41. Rb5 h4 42. Rb4 Kg7 43. a4 Kf6 44. Rxh4 Rxb2 45. a5 Kxf5
46. Rh7 bxa5 47. Rh5+ Kf4 48. Rxa5 Rb7 49. g3+ Ke4 50. h4 Kd4 51. h5 Kc4 52.
Kh3 Kb4 53. Ra6 Kb5 54. Ra1 Rg7 55. Kh4 a5 56. g4 Ra7 57. h6 Kc6 58. Kh5 Kd5
59. g5 Ke5 60. g6 1-0

[Event "Wch u20 girls"]
[Site "Kocaeli"]
[Date "2013.09.24"]
[Round "11.10"]
[White "Nguyen, Thi Mai Hung"]
[Black "Xiao, Yiyi"]
[Result "0-1"]
[ECO "D05"]
[WhiteElo "2225"]
[BlackElo "2163"]
[PlyCount "62"]
[EventDate "2013.09.??"]
[EventType "swiss"]
[EventRounds "13"]
[EventCountry "TUR"]
[Source "CBase R.Goldau"]
[SourceDate "2000.03.01"]
[TimeControl "40/5400+30:1800+30"]

1. d4 Nf6 2. Nf3 d5 3. e3 e6 4. Bd3 c5 5. b3 Nc6 6. Bb2 Bd6 7. Nbd2 O-O 8. a3
b6 9. Ne5 Bb7 10. f4 Ne7 11. Qf3 Rc8 12. O-O Ba8 13. Qh3 Ne4 14. Rad1 Nf5 15.
g4 Qh4 16. Qf3 Nh6 17. g5 Nf5 18. c3 f6 19. gxf6 Rxf6 20. Nxe4 dxe4 21. Bxe4
Bxe4 22. Qxe4 Bxe5 23. Rd2 Bd6 24. Rg2 Qh5 25. d5 exd5 26. Qxd5+ Qf7 27. Qd2
Re8 28. c4 Rg6 29. Re1 Nh4 30. Rxg6 Nf3+ 31. Kh1 hxg6 0-1

[Event "Wch u20 girls"]
[Site "Kocaeli"]
[Date "2013.09.24"]
[Round "11.11"]
[White "Ivana Maria, Furtado"]
[Black "Pavlidou, Ekaterini"]
[Result "0-1"]
[ECO "A37"]
[WhiteElo "2116"]
[BlackElo "2209"]
[PlyCount "122"]
[EventDate "2013.09.??"]
[EventType "swiss"]
[EventRounds "13"]
[EventCountry "TUR"]
[Source "CBase R.Goldau"]
[SourceDate "2000.03.01"]
[TimeControl "40/5400+30:1800+30"]

1. Nf3 c5 2. c4 Nc6 3. g3 g6 4. Bg2 Bg7 5. O-O e5 6. Nc3 Nge7 7. d3 O-O 8. a3
a5 9. Nb5 d6 10. Bd2 h6 11. Bc3 Be6 12. Qc2 Qd7 13. b3 d5 14. e4 dxe4 15. dxe4
Nd4 16. Nfxd4 exd4 17. Rfd1 Rfd8 18. Bb2 Qc8 19. f4 h5 20. Rd3 Nc6 21. Bf1 Ra6
22. Rd2 Ne7 23. Bd3 Bd7 24. Rc1 Bh6 25. h4 Bc6 26. Kh2 Bf8 27. b4 axb4 28. axb4
b6 29. bxc5 bxc5 30. Rdd1 Bb7 31. Qe2 Nc6 32. Ba3 Qd7 33. Bb1 Rda8 34. Bb2 Qc8
35. Rd3 Nb4 36. Ra3 Qc6 37. Rd1 Rd8 38. Rxa6 Nxa6 39. Bc3 Re8 40. Bd2 f5 41. e5
Nc7 42. Na3 Ra8 43. Bc1 Ne6 44. Bd3 Be7 45. Rg1 Qf3 46. Qxf3 Bxf3 47. Bb2 Bd8
48. Ra1 Be4 49. Bf1 Ra4 50. Nb5 Rxa1 51. Bxa1 Ba5 52. Be2 Bc2 53. Bf3 d3 54.
Bc3 Bb4 55. Bd5 Kf7 56. Kg1 Ke7 57. Bxe6 Kxe6 58. Nd4+ Kd7 59. e6+ Ke8 60. Bxb4
cxb4 61. Nf3 b3 0-1

[Event "Wch u20 girls"]
[Site "Kocaeli"]
[Date "2013.09.24"]
[Round "11.12"]
[White "Kurbonboeva, Sarvinoz"]
[Black "Stetsko, Lanita"]
[Result "1/2-1/2"]
[ECO "D43"]
[WhiteElo "2120"]
[BlackElo "2209"]
[PlyCount "53"]
[EventDate "2013.09.??"]
[EventType "swiss"]
[EventRounds "13"]
[EventCountry "TUR"]
[Source "CBase R.Goldau"]
[SourceDate "2000.03.01"]
[TimeControl "40/5400+30:1800+30"]

1. d4 Nf6 2. c4 e6 3. Nf3 d5 4. Nc3 Bb4 5. Bg5 h6 6. Bxf6 Qxf6 7. e3 c6 8. Qc2
Nd7 9. a3 Bd6 10. Bd3 O-O 11. O-O Qd8 12. e4 dxe4 13. Nxe4 Be7 14. Rad1 Nf6 15.
Qe2 Qa5 16. Nxf6+ Bxf6 17. Ne5 Rd8 18. Bb1 Bd7 19. Qe4 Be8 20. f4 g6 21. Rf3
Bg7 22. h3 Qb6 23. Rf2 Qb3 24. Rd3 Qb6 25. Rd1 Qb3 26. Rd3 Qb6 27. Rd1 1/2-1/2

[Event "Wch u20 girls"]
[Site "Kocaeli"]
[Date "2013.09.24"]
[Round "11.13"]
[White "Zhai, Mo"]
[Black "Qiu, Mengjie"]
[Result "1-0"]
[ECO "C65"]
[WhiteElo "2319"]
[BlackElo "2091"]
[PlyCount "103"]
[EventDate "2013.09.??"]
[EventType "swiss"]
[EventRounds "13"]
[EventCountry "TUR"]
[Source "CBase R.Goldau"]
[SourceDate "2000.03.01"]
[TimeControl "40/5400+30:1800+30"]

1. e4 e5 2. Nf3 Nc6 3. Bb5 Nf6 4. d3 Bc5 5. c3 O-O 6. O-O d6 7. h3 Ne7 8. d4
Bb6 9. Re1 Ng6 10. Bd3 Nh5 11. Be3 Nhf4 12. Bf1 Qe7 13. Nbd2 Bd7 14. Kh2 Rad8
15. a4 exd4 16. cxd4 c6 17. g3 Ne6 18. a5 Bc7 19. d5 Nc5 20. b4 Na6 21. dxc6
Bc8 22. cxb7 Bxb7 23. Bxa7 Nxb4 24. Qb3 d5 25. exd5 Qd6 26. Ne4 Bxd5 27. Nxd6
Bxb3 28. Nb5 Bb8 29. Bb6 Nc2 30. Bxd8 Nxe1 31. Nxe1 Rxd8 32. a6 Be5 33. Ra3 Bd5
34. Rd3 Bf6 35. a7 Ba8 36. Rxd8+ Bxd8 37. Bg2 Bb6 38. Nd3 Bxg2 39. Kxg2 Bxa7
40. Nxa7 f6 41. Kf3 Kf7 42. Ke4 Ne7 43. Nb5 g5 44. Nd4 Kg6 45. f4 h5 46. f5+
Kf7 47. Nb2 Kg7 48. Nc4 Kf7 49. Nb6 Kg7 50. Nd5 Nc8 51. Nb5 Kf7 52. Kd4 1-0

[Event "Wch u20 girls"]
[Site "Kocaeli"]
[Date "2013.09.24"]
[Round "11.14"]
[White "Sihite, Chelsie Monica"]
[Black "De Seroux, Camille"]
[Result "1-0"]
[ECO "B52"]
[WhiteElo "2285"]
[BlackElo "2108"]
[PlyCount "75"]
[EventDate "2013.09.??"]
[EventType "swiss"]
[EventRounds "13"]
[EventCountry "TUR"]
[Source "CBase R.Goldau"]
[SourceDate "2000.03.01"]
[TimeControl "40/5400+30:1800+30"]

1. e4 c5 2. Nf3 d6 3. Bb5+ Bd7 4. Bxd7+ Qxd7 5. O-O Nf6 6. e5 dxe5 7. Nxe5 Qc8
8. d4 Nc6 9. c3 e6 10. Re1 Be7 11. Qa4 O-O 12. Nxc6 bxc6 13. dxc5 Bxc5 14. h3
Qb7 15. Nd2 Qb6 16. Qh4 Rfd8 17. Nc4 Qb7 18. Bg5 Rd5 19. Bxf6 gxf6 20. Kh1 Rf5
21. Re4 Kh8 22. Rf4 Rxf4 23. Qxf4 Qe7 24. Qf3 Rd8 25. b4 Bd6 26. Na5 Rc8 27.
Nxc6 Qb7 28. Qxf6+ Kg8 29. Qg5+ Kh8 30. b5 Qb6 31. Rd1 Bf8 32. Kg1 Bg7 33. Rd8+
Rxd8 34. Qxd8+ Qxd8 35. Nxd8 Bxc3 36. Nc6 Kg7 37. Nxa7 Kf6 38. Nc6 1-0

[Event "Wch u20 girls"]
[Site "Kocaeli"]
[Date "2013.09.24"]
[Round "11.15"]
[White "Saranya, J."]
[Black "Bezgodova, Maria"]
[Result "0-1"]
[ECO "C56"]
[WhiteElo "2094"]
[BlackElo "2187"]
[PlyCount "136"]
[EventDate "2013.09.??"]
[EventType "swiss"]
[EventRounds "13"]
[EventCountry "TUR"]
[Source "CBase R.Goldau"]
[SourceDate "2000.03.01"]
[TimeControl "40/5400+30:1800+30"]

1. e4 e5 2. Nf3 Nc6 3. Bc4 Bc5 4. c3 Nf6 5. d4 exd4 6. O-O d6 7. cxd4 Bb6 8. h3
O-O 9. Nc3 h6 10. Re1 Re8 11. Bb3 Ne7 12. Qc2 c6 13. Bf4 d5 14. g4 Ng6 15. Bg3
Be6 16. e5 Nh7 17. Qd2 f5 18. exf6 Qxf6 19. Qd3 Ng5 20. Nxg5 hxg5 21. Rad1 Bf7
22. Rxe8+ Rxe8 23. Na4 Ba5 24. Nc5 Nf4 25. Bxf4 Qxf4 26. Qg3 Qxg3+ 27. fxg3 Re7
28. Bc2 Re2 29. Nxb7 Bb6 30. Ba4 Rxb2 31. Bxc6 Rc2 32. Bb5 Rxa2 33. Bc6 Rc2 34.
Bb5 Rb2 35. Bc6 Rb4 36. Kf1 Rc4 37. Bb5 Rxd4 38. Rxd4 Bxd4 39. Nd8 Bg6 40. Bc6
Bd3+ 41. Ke1 Bc4 42. Ne6 Bf6 43. Kd2 Kf7 44. Nc7 d4 45. Nb5 Ke7 46. Nxa7 Kd6
47. Bb5 Bd5 48. Bf1 Bd8 49. Nb5+ Ke5 50. Na3 Ba5+ 51. Kd3 Be4+ 52. Kc4 Be1 53.
Bd3 Bxg3 54. Nb5 Bf2 55. Nc7 Bg2 56. Bf5 Bf1+ 57. Kb3 Be3 58. Kc2 Bxh3 59. Ne8
g6 60. Bd7 Bg2 61. Bb5 Bf3 62. Bd3 Bxg4 63. Bxg6 Bf3 64. Kd3 g4 65. Bh5 Be4+
66. Ke2 g3 67. Bf3 Bxf3+ 68. Kxf3 d3 0-1

[Event "Wch u20 girls"]
[Site "Kocaeli"]
[Date "2013.09.24"]
[Round "11.16"]
[White "Martinez, Ayelen"]
[Black "Pujari, Rucha"]
[Result "1/2-1/2"]
[ECO "B09"]
[WhiteElo "2101"]
[BlackElo "2172"]
[PlyCount "42"]
[EventDate "2013.09.??"]
[EventType "swiss"]
[EventRounds "13"]
[EventCountry "TUR"]
[Source "CBase R.Goldau"]
[SourceDate "2000.03.01"]
[TimeControl "40/5400+30:1800+30"]

1. e4 d6 2. d4 Nf6 3. Nc3 g6 4. f4 Bg7 5. Nf3 O-O 6. Be3 b6 7. Qd2 Bb7 8. e5
Ng4 9. Bg1 c5 10. exd6 cxd4 11. Bxd4 Qxd6 12. Nb5 Qe6+ 13. Qe2 Qxe2+ 14. Bxe2
Rc8 15. c3 Nc6 16. Bxg7 Kxg7 17. O-O Ne3 18. Rf2 Ng4 19. Rff1 Ne3 20. Rf2 Ng4
21. Rff1 Ne3 1/2-1/2

[Event "Wch u20 girls"]
[Site "Kocaeli"]
[Date "2013.09.24"]
[Round "11.17"]
[White "Vo, Thi Kim Phung"]
[Black "Iwanow, Anna"]
[Result "1/2-1/2"]
[ECO "A45"]
[WhiteElo "2219"]
[BlackElo "2230"]
[PlyCount "226"]
[EventDate "2013.09.??"]
[EventType "swiss"]
[EventRounds "13"]
[EventCountry "TUR"]
[Source "CBase R.Goldau"]
[SourceDate "2000.03.01"]
[TimeControl "40/5400+30:1800+30"]

1. d4 Nf6 2. Bf4 g6 3. e3 Bg7 4. h3 c5 5. c3 cxd4 6. exd4 d6 7. Nf3 Qb6 8. Qb3
Qc7 9. Nbd2 O-O 10. Be2 Nc6 11. O-O e5 12. Bh2 Be6 13. Qa3 Rad8 14. Bb5 Nh5 15.
dxe5 dxe5 16. Rfe1 Nf4 17. Bxf4 exf4 18. Ne4 Rfe8 19. Qa4 a6 20. Bf1 Bd5 21.
Ned2 h6 22. Rxe8+ Rxe8 23. Rc1 Re7 24. Bd3 Ne5 25. Be4 b5 26. Qxa6 Bxe4 27.
Nxe4 Nxf3+ 28. gxf3 Re5 29. Rd1 Qe7 30. Qd6 Qxd6 31. Rxd6 f5 32. Nd2 Re1+ 33.
Kg2 Ra1 34. Rb6 Rd1 35. Rb8+ Kf7 36. Rb7+ Kg8 37. Nb3 Rb1 38. Rxb5 Rxb2 39. c4
Rxa2 40. c5 Rc2 41. Rb6 g5 42. c6 h5 43. Rb5 Rxc6 44. Rxf5 Bf6 45. h4 gxh4 46.
Nc5 Kg7 47. Rxh5 Kg6 48. Rd5 Be7 49. Ne4 Ra6 50. Re5 Bf6 51. Rb5 Be7 52. Rd5
Rb6 53. Rd7 Kf7 54. Rd3 Ra6 55. Kh3 Ra1 56. Rd5 Ke6 57. Rh5 Rg1 58. Nc3 Rg6 59.
Ne2 Bd6 60. Rxh4 Kf5 61. Nc3 Bf8 62. Rh5+ Rg5 63. Rh7 Rg6 64. Rf7+ Rf6 65. Rb7
Bd6 66. Ne4 Rh6+ 67. Kg2 Be5 68. Rf7+ Kg6 69. Rb7 Kf5 70. Rb5 Rg6+ 71. Kf1 Rc6
72. Nc5 Kg6 73. Nd3 Bd6 74. Kg2 Kf6 75. Rb3 Ke6 76. Kh3 Rc8 77. Kg2 Rg8+ 78.
Kf1 Ra8 79. Rb5 Ra3 80. Ne1 Ra1 81. Rb2 Kf5 82. Ke2 Be5 83. Rc2 Bd6 84. Nd3 Ra3
85. Rd2 Ke6 86. Rb2 Ra6 87. Ne1 Be5 88. Rb1 Ra2+ 89. Kf1 Ra1 90. Rxa1 Bxa1 91.
Nc2 Bc3 92. Ke2 Ba5 93. Ne1 Bb6 94. Nd3 Kf5 95. Kd2 Ba7 96. Kc3 Bb6 97. Kc4 Ba7
98. Nc5 Bb6 99. Kb5 Ba7 100. Kc6 Ke5 101. Nd3+ Kf5 102. Kd5 Bb6 103. Nc5 Ba5
104. Nb3 Be1 105. Nd4+ Kf6 106. Ke4 Bxf2 107. Ne2 Ba7 108. Kxf4 Bb8+ 109. Ke4
Be5 110. Nf4 Bb8 111. Nd3 Bd6 112. Nb2 Bb8 113. Nc4 Bc7 1/2-1/2

[Event "Wch u20 girls"]
[Site "Kocaeli"]
[Date "2013.09.24"]
[Round "11.18"]
[White "Rakhmangulova, Anastasiya"]
[Black "Derakhshani, Dorsa"]
[Result "1/2-1/2"]
[ECO "C54"]
[WhiteElo "2194"]
[BlackElo "2078"]
[PlyCount "61"]
[EventDate "2013.09.??"]
[EventType "swiss"]
[EventRounds "13"]
[EventCountry "TUR"]
[Source "CBase R.Goldau"]
[SourceDate "2000.03.01"]
[TimeControl "40/5400+30:1800+30"]

1. e4 e5 2. Nf3 Nc6 3. Bc4 Bc5 4. d3 Nf6 5. Bb3 a6 6. O-O Ba7 7. c3 d6 8. Be3
O-O 9. Nbd2 h6 10. h3 d5 11. Bxa7 Rxa7 12. Re1 Re8 13. Nf1 Ra8 14. Ne3 Be6 15.
exd5 Bxd5 16. Nxd5 Nxd5 17. d4 e4 18. Nd2 f5 19. Qh5 Nce7 20. Nc4 Kh7 21. Ne5
Nf4 22. Qh4 Neg6 23. Qg3 Qg5 24. Qxg5 hxg5 25. Nf7 Nh4 26. Re3 Nhxg2 27. Rg3
Nh4 28. Nxg5+ Kh6 29. Nf7+ Kh7 30. Ng5+ Kh6 31. Nf7+ 1/2-1/2

[Event "Wch u20 girls"]
[Site "Kocaeli"]
[Date "2013.09.24"]
[Round "11.19"]
[White "Juhasz, Barbara"]
[Black "Imeeva, Aisa"]
[Result "1/2-1/2"]
[ECO "C77"]
[WhiteElo "2131"]
[BlackElo "2067"]
[PlyCount "144"]
[EventDate "2013.09.??"]
[EventType "swiss"]
[EventRounds "13"]
[EventCountry "TUR"]
[Source "CBase R.Goldau"]
[SourceDate "2000.03.01"]
[TimeControl "40/5400+30:1800+30"]

1. e4 e5 2. Nf3 Nc6 3. Bb5 a6 4. Ba4 Nf6 5. Qe2 b5 6. Bb3 Be7 7. c3 O-O 8. d4
d6 9. h3 Re8 10. O-O Bf8 11. d5 Na5 12. Bc2 c6 13. Bg5 h6 14. Bxf6 Qxf6 15.
Nbd2 cxd5 16. exd5 Qe7 17. b4 Nb7 18. a4 Bd7 19. Qe3 Rec8 20. Ra3 g6 21. Rfa1
Bg7 22. axb5 Bxb5 23. Nd4 Qe8 24. Nxb5 axb5 25. Bd3 Rab8 26. Qe2 Nd8 27. Ne4
Qf8 28. Bxb5 f5 29. Nd2 e4 30. Rc1 Be5 31. Ba6 Rc7 32. Nc4 Nf7 33. Qd2 Bf6 34.
Rb1 Qg7 35. Rbb3 g5 36. Na5 Ne5 37. Nc6 g4 38. c4 Nf3+ 39. Rxf3 gxf3 40. g3 Re8
41. Kh2 Bg5 42. Qe1 e3 43. Ra2 e2 44. c5 Bf6 45. Bxe2 Rxe2 46. Rxe2 fxe2 47.
Qxe2 dxc5 48. bxc5 Qf7 49. Qf3 Rd7 50. d6 Qe6 51. Nb4 Bd8 52. Nd3 Ra7 53. Nf4
Qf7 54. c6 Qc4 55. Qe3 Qf7 56. c7 Rxc7 57. dxc7 Bxc7 58. Ne6 Bd6 59. Qxh6 Be7
60. Ng5 Qf6 61. Qh7+ Kf8 62. Nf3 Bc5 63. Kg2 Bxf2 64. Kxf2 Qb6+ 65. Ke2 Qe6+
66. Kf1 Qc4+ 67. Kg1 Qc1+ 68. Kf2 Qc2+ 69. Nd2 Qxd2+ 70. Kf3 Qd3+ 71. Kf4 Qd6+
72. Kf3 Qd3+ 1/2-1/2

[Event "Wch u20 girls"]
[Site "Kocaeli"]
[Date "2013.09.24"]
[Round "11.20"]
[White "Petrova, Irina"]
[Black "Liu, Hongyan"]
[Result "0-1"]
[ECO "D36"]
[WhiteElo "2117"]
[BlackElo "2065"]
[PlyCount "66"]
[EventDate "2013.09.??"]
[EventType "swiss"]
[EventRounds "13"]
[EventCountry "TUR"]
[Source "CBase R.Goldau"]
[SourceDate "2000.03.01"]
[TimeControl "40/5400+30:1800+30"]

1. d4 d5 2. c4 c6 3. Nf3 Nf6 4. Nc3 e6 5. cxd5 exd5 6. Bg5 Be7 7. Qc2 O-O 8. e3
h6 9. Bh4 Bg4 10. Ne5 Be6 11. Bd3 Nbd7 12. f4 Nxe5 13. dxe5 Ng4 14. Bxe7 Qxe7
15. Qe2 Qc5 16. f5 Bxf5 17. Bxf5 Nxe3 18. Qd3 d4 19. Nd1 Qa5+ 20. Kf2 Qxe5 21.
Be4 Ng4+ 22. Kg1 Rfe8 23. Bf3 Qf6 24. Nf2 Ne5 25. Qd1 Rad8 26. h4 d3 27. Rh3
Nc4 28. Bh5 d2 29. Qb3 Re1+ 30. Kh2 Qxf2 31. Qxc4 Qg1+ 32. Kg3 Rxa1 33. Qxf7+
Kh8 0-1

[Event "Wch u20 girls"]
[Site "Kocaeli"]
[Date "2013.09.24"]
[Round "11.21"]
[White "Miladinovic, Lena"]
[Black "Monnisha, Gk"]
[Result "0-1"]
[ECO "E14"]
[WhiteElo "2080"]
[BlackElo "2094"]
[PlyCount "90"]
[EventDate "2013.09.??"]
[EventType "swiss"]
[EventRounds "13"]
[EventCountry "TUR"]
[Source "CBase R.Goldau"]
[SourceDate "2000.03.01"]
[TimeControl "40/5400+30:1800+30"]

1. d4 Nf6 2. Nf3 e6 3. e3 c5 4. Bd3 b6 5. O-O Bb7 6. c4 cxd4 7. exd4 d5 8. cxd5
Bxd5 9. Nc3 Bd6 10. Nxd5 Nxd5 11. Bb5+ Kf8 12. Bg5 Be7 13. Bd2 a6 14. Bd3 Nd7
15. Rc1 h6 16. Qe2 b5 17. Rc6 Bb4 18. Rfc1 Bxd2 19. Qxd2 g5 20. Qe1 Kg7 21. a3
Nf4 22. Bb1 Nf6 23. Qd2 Qd5 24. Qe3 Ng4 25. Qe1 Nf6 26. R1c5 Qb3 27. Qd2 N6d5
28. Ne5 Rhd8 29. g3 Nh5 30. Qe2 Nhf6 31. Kg2 Ra7 32. Nd3 Ne7 33. Bc2 Qa2 34.
Rc7 Rxc7 35. Rxc7 Qd5+ 36. Kg1 Nf5 37. Ne5 Nxd4 38. Rxf7+ Kg8 39. Qd3 Nf3+ 40.
Kf1 Nxe5 41. Qxd5 Nxd5 42. Ra7 Rd6 43. Bh7+ Kf8 44. Bb1 Nc4 45. Rh7 Nd2+ 0-1

[Event "Wch u20 girls"]
[Site "Kocaeli"]
[Date "2013.09.24"]
[Round "11.22"]
[White "Sviridova, Vlada"]
[Black "Kuchava, Ana"]
[Result "1/2-1/2"]
[ECO "B42"]
[WhiteElo "2063"]
[BlackElo "2092"]
[PlyCount "90"]
[EventDate "2013.09.??"]
[EventType "swiss"]
[EventRounds "13"]
[EventCountry "TUR"]
[Source "CBase R.Goldau"]
[SourceDate "2000.03.01"]
[TimeControl "40/5400+30:1800+30"]

1. e4 c5 2. Nf3 e6 3. d4 cxd4 4. Nxd4 a6 5. Bd3 Nf6 6. O-O Nc6 7. Nxc6 dxc6 8.
Nd2 Qc7 9. f4 Bc5+ 10. Kh1 e5 11. f5 O-O 12. Qf3 b5 13. c4 Rd8 14. Nb3 Bf8 15.
Bg5 Be7 16. c5 Ne8 17. Bxe7 Qxe7 18. a4 Bd7 19. a5 Nf6 20. Rad1 Be8 21. g4 Nd7
22. Qe3 f6 23. Bc2 Nf8 24. Nd2 Qc7 25. b4 Rd4 26. Nf3 Rdd8 27. g5 Qe7 28. gxf6
Qxf6 29. Bb3+ Kh8 30. Ba2 Bh5 31. Qb3 Nd7 32. Rd6 Bxf3+ 33. Qxf3 Qh4 34. Rfd1
Nf8 35. f6 Rxd6 36. fxg7+ Kxg7 37. cxd6 Ng6 38. d7 Qe7 39. Qg4 Rd8 40. Qe6 Qxb4
41. Qxc6 Qxa5 42. Qd5 Qb4 43. Rf1 Kh8 44. Qc6 Qe7 45. Qxa6 Rxd7 1/2-1/2

[Event "Wch u20 girls"]
[Site "Kocaeli"]
[Date "2013.09.24"]
[Round "11.24"]
[White "Assaubayeva, Bibissara"]
[Black "Karabayeva, Zhanna"]
[Result "0-1"]
[ECO "A85"]
[WhiteElo "1761"]
[BlackElo "2029"]
[PlyCount "112"]
[EventDate "2013.09.??"]
[EventType "swiss"]
[EventRounds "13"]
[EventCountry "TUR"]
[Source "CBase R.Goldau"]
[SourceDate "2000.03.01"]
[TimeControl "40/5400+30:1800+30"]

1. d4 f5 2. Nf3 Nf6 3. c4 g6 4. Nc3 Bg7 5. e3 d6 6. Be2 O-O 7. O-O c6 8. b4 Qc7
9. Bb2 h6 10. c5 d5 11. Ne5 Kh7 12. f4 Be6 13. a4 Nbd7 14. Nd3 Ne4 15. Qe1 b6
16. Rc1 Rab8 17. Ba3 a6 18. cxb6 Qxb6 19. Nxe4 dxe4 20. Nc5 Nxc5 21. Rxc5 Rfc8
22. Qc3 Bd5 23. Rc1 g5 24. Rf1 e6 25. Ra5 Ra8 26. Kh1 Bf8 27. fxg5 hxg5 28. Qb2
Kg6 29. Rc1 Bd6 30. g3 Rh8 31. Rg1 Rh7 32. Rg2 Re7 33. Qc3 Ree8 34. Rc5 Bxc5
35. dxc5 Qc7 36. Bb2 e5 37. Qd2 a5 38. Qd1 Reb8 39. b5 Qe7 40. h4 Rd8 41. Qf1
g4 42. h5+ Kg5 43. Rf2 Qe6 44. Qa1 Re8 45. Rh2 Bc4 46. Qf1 Bxe2 47. Qxe2 cxb5
48. axb5 a4 49. h6 a3 50. Ba1 Rh8 51. b6 Rac8 52. Qc2 Qd5 53. Rd2 Qxc5 54. Qd1
Rxh6+ 55. Kg2 Rch8 56. Qg1 Rh1 0-1

[Event "Wch u20 girls"]
[Site "Kocaeli"]
[Date "2013.09.24"]
[Round "11.25"]
[White "Anu, Bayar"]
[Black "Soylemez, Cansu"]
[Result "0-1"]
[ECO "E28"]
[WhiteElo "2012"]
[BlackElo "1905"]
[PlyCount "60"]
[EventDate "2013.09.??"]
[EventType "swiss"]
[EventRounds "13"]
[EventCountry "TUR"]
[Source "CBase R.Goldau"]
[SourceDate "2000.03.01"]
[TimeControl "40/5400+30:1800+30"]

1. d4 Nf6 2. c4 e6 3. Nc3 Bb4 4. a3 Bxc3+ 5. bxc3 d6 6. e3 O-O 7. Bd3 e5 8. f3
e4 9. fxe4 Nxe4 10. Nf3 f5 11. Qc2 Qe7 12. O-O Nd7 13. Bd2 b6 14. Be1 Bb7 15.
Nd2 Qg5 16. Bxe4 fxe4 17. Bf2 Nf6 18. h3 Rae8 19. Rae1 Bc8 20. Kh2 Qh6 21. Bg1
Qh4 22. Nb3 g5 23. d5 g4 24. Nd4 gxh3 25. g3 Ng4+ 26. Kh1 Qxg3 27. Qe2 Ba6 28.
Ne6 Rxf1 29. Qxf1 Bxc4 30. Qf5 Qg2# 0-1

[Event "Wch u20 girls"]
[Site "Kocaeli"]
[Date "2013.09.24"]
[Round "11.26"]
[White "Krumova, Ani"]
[Black "Tuzi, Bruna"]
[Result "1-0"]
[ECO "B23"]
[WhiteElo "1993"]
[BlackElo "1687"]
[PlyCount "31"]
[EventDate "2013.09.??"]
[EventType "swiss"]
[EventRounds "13"]
[EventCountry "TUR"]
[Source "CBase R.Goldau"]
[SourceDate "2000.03.01"]
[TimeControl "40/5400+30:1800+30"]

1. e4 c5 2. Nc3 Nc6 3. f4 e6 4. Nf3 g6 5. g3 Bg7 6. e5 d6 7. Bb5 Nge7 8. exd6
Qxd6 9. Ne4 Qd5 10. d3 b6 11. Ne5 Bb7 12. Bc4 Qd8 13. Nxf7 Kxf7 14. Ng5+ Kf6
15. Qe2 e5 16. Ne4+ 1-0

[Event "Wch u20 girls"]
[Site "Kocaeli"]
[Date "2013.09.24"]
[Round "11.27"]
[White "Leonardi, Caterina"]
[Black "Savant, Riya"]
[Result "0-1"]
[ECO "E06"]
[WhiteElo "1936"]
[BlackElo "1960"]
[PlyCount "88"]
[EventDate "2013.09.??"]
[EventType "swiss"]
[EventRounds "13"]
[EventCountry "TUR"]
[Source "CBase R.Goldau"]
[SourceDate "2000.03.01"]
[TimeControl "40/5400+30:1800+30"]

1. d4 Nf6 2. c4 e6 3. g3 d5 4. Bg2 Be7 5. Nc3 O-O 6. Nf3 c6 7. O-O b6 8. cxd5
exd5 9. Ne5 Bb7 10. b3 Nbd7 11. Bb2 Nxe5 12. dxe5 Nd7 13. e4 Ba6 14. Ne2 dxe4
15. Qc2 Bd3 16. Qd1 Qc7 17. Re1 Bb4 18. Nc3 Nxe5 19. Bxe4 Rad8 20. Qh5 f5 21.
Bg2 Ng4 22. Re6 Rd6 23. Rae1 Bc5 24. Nd1 Rxe6 25. Rxe6 Qd7 26. Qg5 Rf7 27. Re1
Bc2 28. Qc1 Be4 29. Bh3 Qd5 30. Qf4 Bd6 31. Qg5 h6 32. Qc1 Bc5 33. Qf4 Bc2 34.
Bg2 Qd3 35. Bf1 Qd7 36. h3 Bd6 37. Qc1 Bxd1 38. Rxd1 Nf6 39. Bc4 Nd5 40. Bxd5
cxd5 41. Rxd5 Qc7 42. Qd2 Bc5 43. b4 Qxg3+ 44. Kf1 Qxh3+ 0-1

[Event "Wch u20 girls"]
[Site "Kocaeli"]
[Date "2013.09.24"]
[Round "11.28"]
[White "Armas, Lena"]
[Black "Alymbay, Kyzy Aizhan"]
[Result "1/2-1/2"]
[ECO "C00"]
[WhiteElo "1920"]
[BlackElo "1820"]
[PlyCount "96"]
[EventDate "2013.09.??"]
[EventType "swiss"]
[EventRounds "13"]
[EventCountry "TUR"]
[Source "CBase R.Goldau"]
[SourceDate "2000.03.01"]
[TimeControl "40/5400+30:1800+30"]

1. e4 c5 2. Nf3 e6 3. d3 Nc6 4. g3 Nf6 5. Bg2 d5 6. Qe2 Be7 7. O-O O-O 8. e5
Nd7 9. c4 f6 10. exf6 Nxf6 11. Bh3 e5 12. Bxc8 Rxc8 13. Nxe5 Nd4 14. Qd1 Nd7
15. Ng4 Nf3+ 16. Kh1 dxc4 17. dxc4 Nde5 18. Ne3 Qxd1 19. Rxd1 Rcd8 20. Nd5 Bd6
21. Na3 Ng4 22. Be3 Nfxh2 23. Kg2 Nxe3+ 24. Nxe3 Nf3 25. Nb5 Nd4 26. Nxd4 cxd4
27. Rxd4 Be5 28. Rxd8 Rxd8 29. Nd5 Kf7 30. Re1 Bd6 31. Rd1 Bc5 32. b3 a5 33. g4
b6 34. f4 Re8 35. Kf3 h6 36. Rh1 Re6 37. Rf1 Re8 38. Rd1 Re6 39. f5 Re5 40. Rh1
Re8 41. f6 Kg6 42. fxg7 Kxg7 43. Rh2 Re1 44. Rg2 Rf1+ 45. Ke2 Ra1 46. Kd3 Rd1+
47. Ke4 Re1+ 48. Kf5 Bd6 1/2-1/2